 Dungeon Crawl Stone Soup version 0.28-a0-957-g42eb19b844 (webtiles) character file.

Game seed: 16787099139518334505

375 sanka the Chopper (level 6, 0/75 HPs)
             Began as a Palentonga Abyssal Knight on Nov 30, 2021.
             Was a Priest of Lugonu.
             Slain by Grinder (2 damage)
             ... on level 4 of the Dungeon.
             The game lasted 00:06:18 (4666 turns).

sanka the Chopper (Palentonga Abyssal Knight)       Turns: 4666, Time: 00:06:18

Health: 0/75       AC: 23    Str: 18    XL:     6   Next: 44%
Magic:  9/9        EV:  1    Int: 11    God:    Lugonu [***...]
Gold:   120        SH:  0    Dex: 10    Spells: 5/5 levels left

rFire   . . .      SeeInvis +   a - +1 hand axe
rCold   . . .      Faith    .   (no shield)
rNeg    . . .      Spirit   .   (armour currently unavailable)
rPois   +          Reflect  .   (helmet currently unavailable)
rElec   .          Harm     .   (cloak currently unavailable)
rCorr   .          Rampage  .   (gloves currently unavailable)
Will    .....      NoTele   +   (no barding)
Stlth   +.........              (no amulet)
HPRegen 0.22/turn               (no ring)
MPRegen 0.11/turn               (no ring)

@: tree-form
A: stationary, stasis, torment immunity, boosted hp, large, rugged brown scales
3, see invisible, (deformed body), (roll 1), (armoured tail)
a: Renounce Religion, Depart the Abyss, Bend Space, Banish


You were on level 4 of the Dungeon.
You worshipped Lugonu.
Lugonu was most pleased with you.
You were a tree.
You visited 1 branch of the dungeon, and saw 4 of its levels.
You visited the Abyss 1 time.

You collected 120 gold pieces.


Innate Abilities, Weirdness & Mutations

You are a tree.
Your roots penetrate the ground, keeping you stationary.
You cannot be teleported.
You are immune to unholy pain and torment.
Your maximum health is greatly increased.
Your equipment is partially melded.
(You are completely covered in rugged brown scales. (AC +3, +7% HP))
You have supernaturally acute eyesight. (SInv)
((Armour fits poorly on your strangely shaped body.))
((You can roll at nearby foes to attack.))
((You have a long armoured tail.))


   Skills:
 - Level 3.0 Fighting
 - Level 6.0 Axes
 - Level 1.5 Armour
 - Level 0.7 Dodging
 + Level 4.2 Invocations


You had 5 spell levels left.
You didn't know any spells.
Your spell library contained the following spells:

 Spells                   Type           Power      Damage    Failure   Level
 Inner Flame              Hex/Fire       0%         N/A       71%         3
 Animate Dead             Necr           0%         N/A       98%         4
 Cause Fear               Hex            0%         N/A       98%         4
 Haunt                    Necr/Summ      0%         N/A       100%        7
 Discord                  Hex            0%         N/A       100%        8
 Infestation              Necr           0%         N/A       100%        8

Inventory:

Hand Weapons
 a - a +1 hand axe (weapon)
 b - a +2 hand crossbow of flaming
Missiles
 r - 19 bolts
Armour
 j - a +1 pair of gloves (melded)
 s - a +0 leather armour (melded)
Magical Staves
 p - a staff of death
Wands
 t - a wand of digging (5)
Scrolls
 c - 3 scrolls of identify {unknown}
 d - 2 scrolls of blinking {unknown}
 e - a scroll of enchant armour {unknown}
 f - a scroll of teleportation {unknown}
 g - 2 scrolls of fog {unknown}
 l - 2 scrolls of noise {unknown}
 m - a scroll of acquirement {unknown}
 q - a scroll of magic mapping {unknown}
Potions
 i - a potion of mutation {unknown}
 k - a potion of might {unknown}
 n - a potion of attraction {unknown}

Dungeon Overview and Level Annotations

Branches:
Dungeon (4/15)
 Temple: D:4-7

Altars:
Ashenzari

Annotations:
D:4 2 transporters, Grinder; bmj180's ghost, amateur GrEE

..▒...........▒..▒ ▒..▒
▒....▒ ..▒..▒▒.£.▒▒..▒..▒
▒.▒▒ ▒.....
..▒..▒8...8▒..▒..▒ ▒.▒▒
▒..... ..▒..▒▒...▒▒..▒..▒
▒..▒ ▒▒▒▒▒▒ ..▒
..©.....▒..▒▒ ▒..▒
..▒..▒▒...▒▒..▒...▒▒▒..▒▒
..▒..▒8...8▒..▒....▒▒..)▒▒▒
..▒..▒▒...▒▒..▒.5▒..▒▒....▒▒
..▒...........▒.♣▒..▒▒▒▒...▒
..▒.Z.........▒..▒.▒▒
▒▒..▒▒▒▒▒▒
..▒▒▒▒▒▒▒▒▒▒▒▒▒..▒g▒
▒........
........©.....=..▒.▒
▒......▒.
.................▒.▒
▒.....▒▒▒
..▒▒▒▒▒▒....▒▒▒▒▒▒.▒ ▒g...▒▒
.▒▒ ▒▒....▒ ▒.▒▒ ▒....▒ ▒▒
▒▒..▒..▒▒ ▒▒.▒▒ ▒....▒ ▒
▒▒.▒▒▒▒..▒ ▒▒.▒▒▒▒....▒


You could see Grinder.


Message History

Grinder is moderately wounded.
Grinder hits you.
You writhe in agony.
* * * LOW HITPOINT WARNING * * *
You hit Grinder.
Grinder is heavily wounded.
Grinder hits you but does no damage.
You closely miss Grinder.
Grinder is heavily wounded.
Grinder hits you.
* * * LOW HITPOINT WARNING * * *
You writhe in agony.
* * * LOW HITPOINT WARNING * * *
You hit Grinder but do no damage.
Grinder is heavily wounded.
Grinder closely misses you.
You slash Grinder!
Your tail-slap misses Grinder.
Grinder is severely wounded.
Grinder hits you!
* * * LOW HITPOINT WARNING * * *
You writhe in agony.
* * * LOW HITPOINT WARNING * * *
It was a potion of lignification.
You turn into a tree.
Your roots penetrate the ground.
Grinder hits you.
* * * LOW HITPOINT WARNING * * *
You writhe in agony.
You die...

Action                   |  1- 3 |  4- 6 || total
-------------------------+-------+-------++-------
Melee: Hand axe          |   101 |   154 ||   255
       Tailslap          |    11 |    20 ||    31
 Fire: Hand crossbow     |       |     2 ||     2
 Abil: Rolling Charge    |       |     4 ||     4
  Use: Potion            |       |     3 ||     3
Armor: Leather armour    |    42 |    63 ||   105
Dodge: Dodged            |    35 |    62 ||    97

Levels and vault maps discovered:
D:1:      dpeg_arrival_arbitrary_c, layout_rooms, minmay_tromino_i2
D:2:      layout_loops_cross
D:3:      minmay_wonky_spiral, layout_basic, ashenzari_conservatory_becter
D:4:      layout_layer_cave, gammafunk_ghost_mausoleum, uniq_grinder, uniq_ijyb

Notes
Turn   | Place    | Note
-------+----------+-------------------------------------------
     0 | Abyss:1  | sanka the Palentonga Abyssal Knight began the quest for the
                  | Orb.
     0 | Abyss:1  | Reached XP level 1. HP: 19/19 MP: 2/2
    39 | D:1      | Escaped the Abyss
   436 | D:1      | Reached XP level 2. HP: 18/25 MP: 3/3
   641 | D:1      | Reached skill level 3 in Axes
  1026 | D:2      | Reached ** piety under Lugonu
  1234 | D:2      | Reached XP level 3. HP: 28/31 MP: 4/4
  1472 | D:2      | Reached skill level 4 in Axes
  1920 | D:3      | Found a broken altar of Ashenzari.
  1972 | D:3      | Reached XP level 4. HP: 37/37 MP: 5/5
  2843 | D:4      | Reached skill level 5 in Axes
  3272 | D:4      | Reached XP level 5. HP: 41/43 MP: 6/6
  3319 | D:4      | Found a transporter.
  3319 | D:4      | Noticed bmj180's ghost (amateur GrEE)
  3737 | D:4      | Reached skill level 6 in Axes
  3814 | D:4      | Reached *** piety under Lugonu
  3948 | D:4      | Reached skill level 3 in Invocations
  4008 | D:4      | Reached XP level 6. HP: 48/50 MP: 8/8
  4064 | D:4      | Found a transporter.
  4177 | D:4      | Noticed Ijyb
  4178 | D:4      | Paralysed by Ijyb for 7 turns
  4194 | D:4      | Paralysed by Ijyb for 4 turns
  4206 | D:4      | Killed Ijyb
  4337 | D:4      | Reached skill level 4 in Invocations
  4576 | D:4      | Noticed Grinder
  4665 | D:4      | HP: 3/50 [Grinder (9)]
  4666 | D:4      | Slain by Grinder

Vanquished Creatures
  A centaur (D:4)
  A scorpion (D:4)
  An iguana (D:4)
  2 orc wizards (D:4)
  Ijyb (D:4)
  6 adders
  An adder skeleton (D:4)
  A dart slug (D:4)
  6 orcs
  4 bats
  7 endoplasms
  5 giant cockroaches
  5 goblins
  4 hobgoblins
  4 jackals (D:2)
  6 kobolds
  4 quokkas
  4 ball pythons
  2 frilled lizards (D:1)
  A quokka skeleton (D:4)
  5 rats
71 creatures vanquished.
